AoeStats
← HEDEF2023BOR

Black Forest

509385369Analyzed
4v4 RM · 6d ago on Sep 26, 2026· 48m 42s· 8 players
Game mode
Random Map
Map size
Large (8 player)
Population
200
Speed
Normal
Resources
Standard
Victory
Conquest
Starting age
Dark Age
Ending age
Imperial Age
RankedLock teamsTeams togetherTeam positionsShared explorationLock speedFull tech treeHidden civsTurbo modeCheats
Victory
Defeat
🇷🇺 Saracens · Russia
1124
+12
🇩🇪 Celts · Germany
1098
+13
🇨🇿 Khmer · Czechia
1092
+13
🇩🇪 Lithuanians · Germany
1089
+13
🇳🇱 Byzantines · Netherlands
1045
-25
🇹🇷 Inca · Türkiye
1030
-14
🇹🇷 Khmer · Türkiye
1022
-12
🇹🇷 Goths · Türkiye
1020
-12
gvvugts93
11:58 Feudal Age
12:28 Double-Bit Axe
13:35 Stone Mining
17:44 Gold Mining
21:48 Castle Age
26:08 Guard Tower
28:11 Fortified Wall
29:49 Wheelbarrow
32:29 Ballistics
36:31 Imperial Age
34:42 Greek Fire
35:29 Murder Holes
35:16 Treadmill Crane
37:58 Keep
38:27 Chemistry
39:11 Keep
38:23 Arrowslits
39:54 Bombard Tower
$hameles$
11:22 Feudal Age
9:52 Loom
16:35 Castle Age
14:51 Double-Bit Axe
15:19 Gold Mining
18:26 Bow Saw
19:52 Champi Runner
21:52 Scale Mail Armor
22:42 Squires
22:24 Champi Warrior
27:24 Forging
27:37 Pikeman
31:05 Horse Collar
32:43 Heavy Plow
33:57 Gold Shaft Mining
35:46 Stone Mining
40:11 Imperial Age
39:01 Wheelbarrow
39:24 Iron Casting
40:19 Hand Cart
40:26 Chain Mail Armor
40:17 Elite Champi Warrior
42:02 Blast Furnace
41:29 Conscription
41:26 Fabric Shields
41:16 Arson
42:06 Plate Mail Armor
KILorKİLL
0:49 Loom
14:48 Feudal Age
18:03 Castle Age
16:25 Double-Bit Axe
20:04 Wheelbarrow
23:16 Wheelbarrow
22:36 Gold Mining
35:25 Gold Shaft Mining
36:01 Bow Saw
37:26 Gold Shaft Mining
36:41 Stone Mining
41:15 Imperial Age
40:17 Stone Shaft Mining
42:58 Hand Cart
43:36 Double Crossbow
44:32 Heavy Scorpion
HEDEF2023BOR
7:05 Loom
11:19 Feudal Age
15:21 Castle Age
14:39 Wheelbarrow
13:52 Double-Bit Axe
18:22 Horse Collar
23:31 Gold Mining
23:42 Heavy Plow
23:55 Bow Saw
25:57 Stone Mining
30:23 Imperial Age
28:12 Hand Cart
28:39 Forging
28:29 Scale Mail Armor
28:22 Pikeman
30:12 Iron Casting
30:26 Stone Shaft Mining
30:07 Squires
29:28 Man-at-Arms
30:37 Scale Barding Armor
30:48 Chain Mail Armor
30:30 Town Watch
30:29 Halberdier
31:36 Conscription
31:59 Anarchy
32:01 Perfusion
32:11 Treadmill Crane
32:41 Masonry
33:31 Elite Huskarl
37:11 Chemistry
36:31 Ballistics
40:03 Blast Furnace
39:38 Caravan
40:11 Coinage
41:29 Banking
41:12 Guilds
DESTINNI
5:24 Loom
9:18 Feudal Age
11:16 Double-Bit Axe
17:19 Castle Age
16:18 Horse Collar
19:30 Bow Saw
19:22 Heavy Plow
19:13 Gold Mining
23:08 Wheelbarrow
22:20 Town Watch
23:19 Bloodlines
23:55 Husbandry
25:20 Scale Barding Armor
26:35 Chain Barding Armor
27:43 Stone Mining
30:01 Fletching
34:08 Imperial Age
31:54 Hand Cart
31:52 Bodkin Arrow
33:15 Tusk Swords
34:00 Gold Shaft Mining
34:01 Stone Shaft Mining
34:51 Tusk Swords
35:28 Plate Barding Armor
35:03 Forging
34:23 Elite Battle Elephant
37:21 Conscription
38:49 Iron Casting
39:14 Crop Rotation
38:56 Double Crossbow
42:40 Blast Furnace
44:03 Caravan
45:07 Bracer
45:08 Padded Archer Armor
45:08 Scale Mail Armor
47:17 Town Patrol
MajesticNewt
0:49 Loom
15:48 Feudal Age
24:35 Castle Age
22:26 Double-Bit Axe
22:22 Horse Collar
26:07 Wheelbarrow
26:13 Bow Saw
26:05 Heavy Plow
27:23 Gold Mining
27:23 Stone Mining
28:13 Hand Cart
27:44 Town Watch
29:54 Gold Shaft Mining
29:54 Stone Shaft Mining
34:38 Imperial Age
32:23 Scale Mail Armor
32:33 Forging
34:00 Stronghold
35:15 Heavy Scorpion
35:57 Onager
39:55 Ballistics
40:36 Chemistry
41:45 Siege Onager
48:05 Fletching
Nikki
10:55 Feudal Age
14:55 Castle Age
13:39 Double-Bit Axe
13:54 Horse Collar
17:17 Wheelbarrow
19:55 Heavy Plow
20:20 Loom
20:29 Gold Mining
20:29 Stone Mining
23:48 Bow Saw
26:49 Hand Cart
30:14 Imperial Age
28:02 Hand Cart
27:59 Scale Barding Armor
28:06 Forging
29:22 Husbandry
29:32 Bloodlines
29:47 Chain Barding Armor
31:26 Iron Casting
32:04 Chemistry
32:45 Plate Barding Armor
31:32 Cavalier
CivitasDei
1:27 Loom
13:09 Feudal Age
13:56 Double-Bit Axe
18:28 Padded Archer Armor
22:31 Castle Age
22:05 Fletching
22:40 Crossbowman
26:13 Wheelbarrow
29:49 Gold Mining
37:39 Ballistics
38:37 Thumb Ring
38:37 Horse Collar
42:47 Imperial Age
40:31 Heavy Plow
42:01 Bodkin Arrow
42:22 Leather Archer Armor
42:32 Masonry
43:13 Bow Saw
42:57 Arbalester
44:41 Chemistry
44:50 Conscription
45:39 Gold Shaft Mining
47:57 Ring Archer Armor
47:28 Bracer
Connection lost

Rejoining the realm…

Still unreachable

The connection could not be restored.

Session expired

The server has moved on; the page needs a fresh start.